 Dungeon Crawl Stone Soup version 0.23.0 (webtiles) character file.

Game seed: 9414576118805673484

104 syncingy the Skirmisher (level 4, -4/49 HPs)
             Began as an Ogre Berserker on Feb 13, 2019.
             Was a Believer of Trog.
             Slain by a bullfrog (6 damage)
             ... on level 3 of the Dungeon.
             The game lasted 00:05:32 (2259 turns).

syncingy the Skirmisher (Ogre Berserker)            Turns: 2259, Time: 00:05:33

Health: -4/49      AC:  4    Str: 22    XL:     4   Next: 80%
Magic:  4/4        EV: 10    Int:  8    God:    Trog [**....]
Gold:   124        SH:  0    Dex:  8    Spells: 3/3 levels left

rFire    + . .     SeeInvis .   a - +0 hand axe
rCold    x . .     Gourm    .   (no shield)
rNeg     . . .     Faith    .   b - +1 animal skin
rPois    .         Spirit   .   (helmet restricted)
rElec    .         Reflect  .   (no cloak)
rCorr    .         Harm     .   (gloves unavailable)
MR       .....                  (boots unavailable)
Stlth    +.........             (no amulet)
HPRegen  0.16/turn              j - ring of fire
MPRegen  0.09/turn              (no ring)

@: no status effects
A: large, unfitting armour, tough skin 1
a: Berserk, Trog's Hand, Renounce Religion


You were on level 3 of the Dungeon.
You worshipped Trog.
Trog was pleased with you.
You were not hungry.

You visited 1 branch of the dungeon, and saw 3 of its levels.

You collected 124 gold pieces.

Inventory:

Hand Weapons
 a - a +0 hand axe (weapon)
Armour
 b - a +1 animal skin (worn)
 h - a +0 animal skin
Jewellery
 j - a ring of fire (left hand)
Wands
 k - a wand of paralysis (8)
Scrolls
 d - a scroll of identify
 e - a scroll of random uselessness
 f - 2 scrolls of amnesia
 i - a scroll of blinking
Potions
 l - a potion of curing {unknown}
Comestibles
 c - 6 rations
 g - a chunk of flesh


   Skills:
 + Level 4.7 Fighting
 + Level 4.4 Axes
 + Level 3.3 Dodging


You had 3 spell levels left.
You didn't know any spells.
Your spell library was empty.

Dungeon Overview and Level Annotations

Branches:
Dungeon (3/15)

Altars:
Cheibriados


Innate Abilities, Weirdness & Mutations

You are too large for most types of armour.
You have tough skin. (AC +1)


Message History

You closely miss the bullfrog.
The bullfrog is moderately wounded.
The bullfrog hits you.
* * * LOW HITPOINT WARNING * * *
You hit the bullfrog but do no damage.
The bullfrog is moderately wounded.
The bullfrog barely misses you. The bullfrog hits you.
* * * LOW HITPOINT WARNING * * *
You hit the bullfrog.
The bullfrog is heavily wounded.
The bullfrog hits you.
* * * LOW HITPOINT WARNING * * *
The bullfrog barely misses you.
You closely miss the bullfrog.
The bullfrog is heavily wounded.
The bullfrog closely misses you.
You closely miss the bullfrog.
The bullfrog is heavily wounded.
The bullfrog hits you.
You die...

................
##...##.######## .#
#######.# .# # #.#
###.## #######.# #....
........# #.#.##
###############.#..#####
................F.......
................@.......
........................
........................
........................
........................
........................
........................
........................
........................


You could see a bullfrog.

Vanquished Creatures
  Robin (D:2)
  An adder (D:2)
  A river rat (D:3)
  3 dart slugs
  2 leopard geckos
  3 ball pythons (D:3)
  2 bats
  4 giant cockroaches
  14 goblins
  7 hobgoblins
  4 jackals (D:1)
  6 kobolds (D:1)
  2 quokkas (D:2)
  3 frilled lizards
  8 rats
61 creatures vanquished.

Notes
Turn   | Place    | Note
-------+----------+-------------------------------------------
     0 | D:1      | syncingy the Ogre Berserker began the quest for the Orb.
     0 | D:1      | Reached XP level 1. HP: 24/24 MP: 1/1
    39 | D:1      | Reached XP level 2. HP: 24/32 MP: 2/2
   447 | D:1      | Reached XP level 3. HP: 34/39 MP: 3/3
   472 | D:1      | Reached ** piety under Trog
  1073 | D:2      | HP: 2/40 [poisoned by an adder]
  1408 | D:2      | Noticed Robin
  1415 | D:2      | Reached XP level 4. HP: 39/49 MP: 4/4
  1438 | D:2      | Killed Robin
  2039 | D:3      | Found a snail-covered altar of Cheibriados.
  2243 | D:3      | Noticed a bullfrog
  2257 | D:3      | HP: 1/49 [bullfrog (2)]
  2259 | D:3      | Slain by a bullfrog

Skill      XL: |  1  2  3 |
---------------+----------+-----
Dodging        | 3 |  3.3
Axes           | 4 |  4.4
Fighting       | |  4.7

Action                   |  1- 3 |  4- 6 || total
-------------------------+-------+-------++-------
Melee: Hand axe          |   100 |    83 ||   183
  Use: Scroll            |     4 |     1 ||     5
       Potion            |     3 |       ||     3
  Eat: Chunk             |     1 |     3 ||     4
Armor: Animal skin       |    32 |    19 ||    51
Dodge: Dodged            |    64 |    55 ||   119
